 Dungeon Crawl Stone Soup version 0.29.1-13-g9f3cf754e1 (webtiles) character file.

Game seed: 3810690474785183984

46 sankara the Chiller (level 3, -4/24 HPs)
             Began as a Mummy Ice Elementalist on Jan 31, 2023.
             Slain by a hobgoblin (6 damage)
             ... led by Robin
             ... on level 1 of the Dungeon.
             The game lasted 00:06:07 (1668 turns).

sankara the Chiller (Mummy Ice Elementalist)        Turns: 1668, Time: 00:06:08

Health: -4/24      AC:  3    Str: 11    XL:     3   Next: 46%
Magic:  3/7        EV: 12    Int: 16    God:
Gold:   13         SH:  0    Dex: 12    Spells: 1/8 levels left

rFire   x . .      SeeInvis .   a - +0 dagger
rCold   + . .      Faith    .   (no shield)
rNeg    + + +      Spirit   .   b - +0 robe
rPois   ∞          Reflect  .   (no helmet)
rElec   .          Harm     .   g - +0 cloak
rCorr   .          Rampage  .   (no gloves)
Will    .....                   (no boots)
Stlth   ++........              (no amulet)
HPRegen 0.08/turn               (no ring)
MPRegen 0.10/turn               (no ring)

@: no status effects
A: cold resistance 1, negative energy resistance 3, torment resistance 2, heat
vulnerability 1, in touch with death 1, no potions
a: no special abilities


You were on level 1 of the Dungeon.
You visited 1 branch of the dungeon, and saw 2 of its levels.

You collected 13 gold pieces.

Inventory:

Hand Weapons
 a - a +0 dagger (weapon)
Armour
 b - a +0 robe (worn)
 g - a +0 cloak (worn)
Magical Staves
 d - a staff of conjuration
Jewellery
 h - an amulet of regeneration
Scrolls
 c - a scroll of enchant armour {unknown}
 e - 2 scrolls of identify {unknown}
 f - 2 scrolls of teleportation {unknown}


   Skills:
 - Level 2.0 Dodging
 - Level 2.0 Stealth
 + Level 3.2 Spellcasting
 * Level 3.8 Ice Magic


You had one spell level left.
You knew the following spells:

 Your Spells              Type           Power      Damage    Failure   Level
a - Freeze                Ice            56%        1d7       3%          1
b - Frozen Ramparts       Ice            28%        1d5       12%         3
c - Ozocubu's Armour      Ice            14%        N/A       12%         3

Your spell library contained the following spells:

 Spells                   Type           Power      Damage    Failure   Level
 Hailstorm                Conj/Ice       8%         3d4       63%         4


Dungeon Overview and Level Annotations

Branches:
Dungeon (2/15)

Altars:
Trog

Annotations:
D:1 Robin


Innate Abilities, Weirdness & Mutations

You are immune to poison.
Your flesh is cold resistant. (rC+)
You are immune to negative energy. (rN+++)
You are immune to unholy pain and torment.
You are vulnerable to heat. (rF-)
You are in touch with the powers of death.
You do not drink.


Message History

There is a stone staircase leading down here.
Casting: Freeze (safe; 3% risk of failure)
Confirm with . or Enter, or press ? or * to list all spells.
The spell is quite dangerous to miscast (12% risk of failure)!
Continue anyway?
Casting: Frozen Ramparts (quite dangerous; 12% risk of failure)
Press: ? - help, Dir - look around, f - activate A stone staircase leading down.
You miscast Frozen Ramparts.
You are very lightly contaminated with residual magic.
Nothing appears to happen.
The hobgoblin hits you but does no damage.
Robin hits you but does no damage.
Casting: Frozen Ramparts (quite dangerous; 12% risk of failure)
Confirm with . or Enter, or press ? or * to list all spells.
Aiming: Freeze (safe; 3% risk of failure)
Press: ? - help, Shift-Dir - straight line, f - Robin
Aim: Robin, wielding a +0 spear, wearing a +0 animal skin and wearing a +0 helmet You freeze Robin.
Robin is moderately wounded.
The hobgoblin hits you. Robin hits you with a +0 spear.
Casting: Freeze (safe; 3% risk of failure)
Confirm with . or Enter, or press ? or * to list all spells.
Okay, then.
The hobgoblin hits you.
* * * LOW HITPOINT WARNING * * *
Robin barely misses you.
The hobgoblin hits you but does no damage.
The hobgoblin attacks as you move away! The hobgoblin barely misses you.
You see here 4 stones.
The hobgoblin attacks as you move away! The hobgoblin closely misses you.
Your magical contamination has completely faded away.
The hobgoblin attacks as you move away! The hobgoblin barely misses you.
You see here a +0 whip.
You can't drink.
Robin roars a battlecry!
The hobgoblin goes into a battle-frenzy!
The hobgoblin attacks as you move away! The hobgoblin hits you.
* * * LOW HITPOINT WARNING * * *
The hobgoblin attacks as you move away! The hobgoblin hits you.
You die...

#...............#....##..##..#...
######.#####.>..#.....#..###....#
#.# #....#.....#..###....# # #.#
#......!####..####...#
######.######............########
...)..............###...###.#####
.###...######.....###..####.##...
.#.....# #..#.................
.#.#..## #..#@###########...##
......# #..#.g.g.....).......
.###..# #..#############...##
.####.#### #..# ##.#..#
.#≈≈≈§≈§≈####..# ##g###.##
.+.§≈≈≈§.+.##..# #.## ##..
.#≈§§...≈#..#..# ##.###.##
##≈§.<§≈≈#.....# ##g#..#
##≈.§...≈#..#### ##(#.#


You could see Robin and a hobgoblin (strong).

Vanquished Creatures
  A worm (D:1)
  3 dart slugs (D:1)
  3 endoplasms
  A giant cockroach (D:1)
  4 goblins
  3 hobgoblins
  4 jackals (D:1)
  3 ball pythons
  3 bats
  5 frilled lizards
  3 kobolds (D:1)
  3 rats
36 creatures vanquished.

Notes
Turn   | Place    | Note
-------+----------+-------------------------------------------
     0 | D:1      | sankara the Mummy Ice Elementalist began the quest for the
                  | Orb.
     0 | D:1      | Reached XP level 1. HP: 13/13 MP: 4/4
   229 | D:1      | Reached XP level 2. HP: 19/19 MP: 2/5
  1197 | D:1      | Gained mutation: You are in touch with the powers of death.
                  | [Mummy growth]
  1197 | D:1      | Reached XP level 3. HP: 24/24 MP: 5/7
  1296 | D:1      | Learned a level 3 spell: Frozen Ramparts
  1300 | D:1      | Learned a level 3 spell: Ozocubu's Armour
  1318 | D:2      | Found a bloodstained altar of Trog.
  1631 | D:2      | Noticed Robin
  1668 | D:1      | Slain by a hobgoblin

Illustrated notes

Levels and vault maps discovered:
D:1:      ncdulo_lavacross, layout_loops_ring, hangedman_glass_teeth
D:2:      layout_rooms, basic_altar, minivault_24, uniq_robin

Skill      XL: |  1  2  3 |
---------------+----------+-----
Spellcasting   | 3 |  3.2
Stealth        | 2 |  2.0
Dodging        | 2 |  2.0
Ice Magic      | |  3.8

Action                   || total
-------------------------++-------
Melee: Dagger            ||     9
 Cast: Freeze            ||    49
 Stab: Sleeping          ||     2
Armor: Robe              ||    13
Dodge: Dodged            ||    45
